AoeStats
← Red Calypso

Lombardia

508625215Analyzed
4v4 RM · 8d ago on Sep 23, 2026· 73m 58s· 8 players
Game mode
Random Map
Map size
Large (8 player)
Population
200
Speed
Normal
Resources
Standard
Victory
Conquest
Starting age
Dark Age
Ending age
Imperial Age
RankedLock teamsTeams togetherTeam positionsShared explorationLock speedFull tech treeHidden civsTurbo modeCheats
Victory
Defeat
🇨🇳 Huns · China
1459
+14
1432
+15
🇨🇳 Persians · China
1406
+16
🇩🇪 Malay · Germany
1359
+19
🇩🇪 Danes · Germany
1452
-18
🇩🇪 Saxons · Germany
1412
-16
🇫🇮 Byzantines · Finland
1406
-16
🇦🇹 Varangians · Austria
1365
-14
Red Calypso
6:24 Loom
9:26 Feudal Age
10:15 Double-Bit Axe
14:13 Bloodlines
15:44 Forging
20:10 Castle Age
18:30 Horse Collar
19:22 Gold Mining
21:24 Scale Barding Armor
21:55 Iron Casting
21:33 Bow Saw
22:08 Husbandry
22:53 Wheelbarrow
26:12 Heavy Plow
28:58 Hand Cart
29:16 Chain Barding Armor
31:11 Stone Mining
39:30 Imperial Age
40:04 Cavalier
43:02 Plate Barding Armor
44:11 Blast Furnace
47:40 Two-Man Saw
47:17 Crop Rotation
48:16 Light Cavalry
49:18 Hussar
50:43 Scale Mail Armor
50:10 Vendel Legacy
51:21 Conscription
52:06 Guilds
54:46 Caravan
57:40 Chain Mail Armor
58:51 Plate Mail Armor
58:16 Pikeman
58:57 Squires
59:41 Halberdier
60:11 Arson
66:53 Fortified Wall
66:54 Masonry
66:24 Treadmill Crane
69:52 Town Watch
4k1m
11:48 Feudal Age
15:28 Castle Age
15:20 Fletching
15:40 Double-Bit Axe
16:07 Bodkin Arrow
21:25 Bloodlines
21:16 Husbandry
22:27 Padded Archer Armor
24:53 Husbandry
25:23 Ballistics
30:59 Horse Collar
31:56 Wheelbarrow
31:06 Loom
32:50 Bow Saw
36:19 Imperial Age
34:37 Scale Mail Armor
34:48 Forging
35:20 Squires
35:07 Gambesons
39:15 Onager
40:15 Chain Mail Armor
40:35 Iron Casting
40:01 Bracer
39:28 Northmen's Fury
42:14 Elite Varangian Guard
43:25 Plate Mail Armor
43:56 Blast Furnace
44:21 Conscription
43:23 Hamask
45:28 Capped Ram
46:48 Scale Barding Armor
46:59 Leather Archer Armor
47:15 Siege Ram
48:10 Siege Engineers
51:06 Caravan
52:53 Coinage
58:54 Banking
68:33 Siege Onager
NEO
9:08 Loom
9:17 Loom
11:10 Feudal Age
15:44 Castle Age
13:36 Double-Bit Axe
14:36 Horse Collar
17:33 Bow Saw
19:00 Heavy Plow
24:10 Wheelbarrow
23:56 Stone Mining
23:56 Gold Mining
26:17 Hand Cart
26:02 Gold Mining
30:24 Imperial Age
28:18 Scale Mail Armor
28:29 Forging
28:19 Pikeman
28:46 Gambesons
29:02 Squires
28:47 Arson
29:20 Chain Mail Armor
30:32 Iron Casting
29:55 Guard Tower
29:59 Fletching
29:52 Treadmill Crane
30:32 Shield Wall
31:01 Arrowslits
30:42 Elite Varangian Guard
32:12 Conscription
33:20 Plate Mail Armor
32:46 Bodkin Arrow
33:04 Halberdier
34:45 Ballistics
33:52 Man-at-Arms
37:39 Long Swordsman
39:35 Keep
40:02 Chemistry
38:38 Two-Handed Swordsman
39:24 Champion
40:19 Champion
47:05 Caravan
48:22 Capped Ram
49:43 Siege Ram
58:35 Bracer
engarvi
9:27 Loom
11:16 Feudal Age
12:20 Double-Bit Axe
18:06 Castle Age
17:25 Fletching
17:44 Gold Mining
28:30 Imperial Age
26:10 Crossbowman
27:07 Bodkin Arrow
27:02 Horse Collar
27:57 Ballistics
29:24 Arbalester
30:05 Bracer
31:00 Gold Shaft Mining
30:16 Stone Mining
31:06 Wheelbarrow
32:41 Chemistry
32:18 Padded Archer Armor
33:33 Hand Cart
33:22 Heavy Plow
35:32 Leather Archer Armor
35:39 Conscription
37:26 Stone Shaft Mining
38:29 Ring Archer Armor
39:09 Crop Rotation
39:19 Hoardings
39:34 Thumb Ring
40:58 Scale Barding Armor
40:18 Heavy Camel Rider
40:59 Husbandry
40:38 Elite Cataphract
42:04 Chain Barding Armor
42:13 Bow Saw
43:08 Fortified Wall
44:48 Plate Barding Armor
44:23 Forging
46:10 Iron Casting
47:06 Bombard Tower
46:59 Logistica
46:52 Greek Fire
47:33 Caravan
48:48 Scale Mail Armor
49:52 Elite Skirmisher
51:07 Chain Mail Armor
52:51 Coinage
53:27 Pikeman
54:09 Squires
55:00 Plate Mail Armor
54:58 Halberdier
59:47 Murder Holes
59:48 Arson
61:05 Elite Varangian Guard
61:32 Gambesons
62:34 Banking
63:42 Logistica
64:18 Capped Ram
66:52 Siege Ram
Skipper
9:55 Feudal Age
11:32 Loom
14:36 Castle Age
13:01 Double-Bit Axe
15:07 Horse Collar
21:20 Bow Saw
21:39 Heavy Plow
23:52 Wheelbarrow
23:36 Gold Mining
25:36 Gold Shaft Mining
26:07 Hand Cart
29:19 Imperial Age
28:41 Town Watch
29:18 Husbandry
30:08 Crop Rotation
29:51 Forging
29:47 Scale Barding Armor
30:12 Town Patrol
31:42 Chemistry
31:30 Conscription
31:26 Elite Battle Elephant
33:06 Iron Casting
32:44 Man-at-Arms
33:10 Arson
33:25 Squires
33:34 Forced Levy
33:21 Long Swordsman
35:12 Blast Furnace
34:43 Two-Handed Swordsman
36:36 Fletching
38:02 Padded Archer Armor
37:57 Bodkin Arrow
41:05 Elite Karambit Warrior
44:19 Bracer
44:31 Stone Mining
45:53 Stone Shaft Mining
44:59 Heavy Scorpion
48:20 Caravan
49:14 Ballistics
49:01 Siege Engineers
51:08 Pikeman
52:21 Murder Holes
52:06 Treadmill Crane
54:33 Halberdier
63:01 Sappers
63:49 Masonry
66:05 Coinage
水母系呆萌美少女可可
6:04 Loom
8:18 Feudal Age
9:25 Double-Bit Axe
10:21 Horse Collar
19:13 Gold Mining
22:04 Castle Age
26:34 Wheelbarrow
37:06 Stone Mining
37:36 Bow Saw
38:42 Stone Shaft Mining
39:24 Hand Cart
40:00 Gold Shaft Mining
41:00 Town Watch
41:17 Heavy Plow
42:05 Bloodlines
41:55 Husbandry
41:56 Fletching
42:06 Padded Archer Armor
44:41 Imperial Age
43:29 Thumb Ring
44:10 Bodkin Arrow
44:16 Padded Archer Armor
44:34 Scale Mail Armor
44:45 Forging
45:03 Town Patrol
45:26 Caravan
45:48 Conscription
45:11 Elite Mangudai
47:27 Coinage
47:18 Bracer
47:33 Leather Archer Armor
48:00 Parthian Tactics
46:56 Elite Skirmisher
49:15 Scale Barding Armor
49:46 Iron Casting
48:59 Heavy Camel Rider
49:59 Chain Mail Armor
49:52 Pikeman
50:33 Squires
50:18 Arson
50:56 Chain Barding Armor
52:09 Ballistics
52:50 Chemistry
51:47 Murder Holes
52:03 Fortified Wall
53:03 Hoardings
53:19 Capped Ram
55:06 Siege Ram
56:56 Banking
56:35 Siege Engineers
56:54 Drill
56:05 Light Cavalry
61:24 Hussar
65:31 Blast Furnace
71:57 Nomads
大骚刚
8:59 Feudal Age
10:42 Bloodlines
15:02 Double-Bit Axe
15:49 Horse Collar
17:40 Scale Barding Armor
19:05 Wheelbarrow
18:17 Loom
22:11 Castle Age
21:16 Forging
23:21 Bow Saw
22:45 Light Cavalry
23:25 Husbandry
25:12 Loom
28:17 Hand Cart
30:25 Chain Barding Armor
33:36 Gold Mining
37:33 Imperial Age
35:58 Gold Shaft Mining
36:24 Coinage
37:38 Marauders
37:37 Elite Tarkan
38:38 Conscription
39:25 Plate Barding Armor
39:25 Iron Casting
40:36 Caravan
41:06 Banking
40:47 Guilds
42:41 Guilds
53:31 Hussar
61:09 Two-Man Saw
喷火龙
10:05 Feudal Age
14:18 Castle Age
12:40 Double-Bit Axe
13:02 Horse Collar
21:28 Bow Saw
21:11 Loom
22:39 Wheelbarrow
22:50 Heavy Plow
24:55 Town Watch
27:50 Imperial Age
25:45 Scale Barding Armor
25:34 Gold Mining
26:31 Forging
26:38 Hand Cart
27:17 Chain Barding Armor
26:56 Stone Mining
27:44 Gold Shaft Mining
27:48 Bloodlines
27:43 Husbandry
28:22 Iron Casting
28:06 Town Patrol
28:26 Caravan
28:55 Cavalier
30:52 Plate Barding Armor
31:25 Savar
33:46 Blast Furnace
37:58 Chemistry
37:18 Ballistics
37:09 Masonry
38:28 Padded Archer Armor
42:31 Two-Man Saw
47:05 Architecture
46:21 Pikeman
47:01 Squires
46:46 Arson
48:56 Conscription
48:35 Murder Holes
49:38 Light Cavalry
56:40 Hussar
58:06 Scale Mail Armor
62:03 Heavy Camel Rider
Connection lost

Rejoining the realm…

Still unreachable

The connection could not be restored.

Session expired

The server has moved on; the page needs a fresh start.